AoeStats
← ionescu_andrei

Arena

509570755Analyzed
1v1 RM · 6d ago on Sep 27, 2026· 39m 21s· 2 players
Game mode
Random Map
Map size
Tiny (2 player)
Population
200
Speed
Normal
Resources
Standard
Victory
Conquest
Starting age
Dark Age
Ending age
Imperial Age
RankedLock teamsTeams togetherTeam positionsShared explorationLock speedFull tech treeHidden civsTurbo modeCheats
Victory
Defeat
🇵🇱 Franks · Poland
635
+14
🇷🇴 Bengalis · Romania
581
-14
ionescu_andrei
12:39 Feudal Age
13:11 Horse Collar
13:17 Double-Bit Axe
17:12 Arson
17:38 Gold Mining
19:55 Castle Age
18:02 Stone Mining
18:31 Scale Mail Armor
18:47 Padded Archer Armor
19:28 Forging
20:55 Bow Saw
21:52 Iron Casting
21:22 Squires
22:29 Heavy Plow
23:23 Leather Archer Armor
23:15 Pikeman
25:51 Chain Mail Armor
25:27 Crossbowman
26:00 Fletching
27:06 Gold Shaft Mining
27:07 Bodkin Arrow
28:03 Scale Barding Armor
33:07 Imperial Age
30:11 Man-at-Arms
30:37 Gambesons
31:28 Chain Barding Armor
31:04 Long Swordsman
35:42 Halberdier
wojmen2
6:49 Loom
11:29 Feudal Age
12:22 Double-Bit Axe
15:27 Arson
20:06 Castle Age
20:12 Pikeman
20:53 Squires
21:37 Scale Mail Armor
21:38 Padded Archer Armor
22:37 Bow Saw
23:28 Arson
24:19 Gold Mining
27:19 Wheelbarrow
32:15 Chain Mail Armor
32:11 Forging
36:08 Imperial Age
37:22 Conscription
36:23 Elite Throwing Axeman
36:29 Elite Throwing Axeman
37:18 Halberdier
Connection lost

Rejoining the realm…

Still unreachable

The connection could not be restored.

Session expired

The server has moved on; the page needs a fresh start.